Map: Orbital Shipyard

Players

Boomfield - Winner!

  • Race: Zerg Zerg
  • League: Diamond

LilDicky

  • Race: Terran Terran
  • League: Diamond

VOD

http://www.twitch.tv/tumescentpie

Description

Time

  • Played on: Jan. 1, 2016, 7:35 p.m.
  • Length: 5:34
Show
View Real Time Build Order
Export as new Build Order

Boomfield Zerg - Winner!

Build Orders: Hatch First 

Get SALT Encoding   

  12  0:01  Drone  
  13  0:13  Overlord  
  13  0:18  Drone  
  14  0:32  Drone x2  
  16  0:36  Drone  
  17  0:53  Hatchery  
  16  1:03  Drone x2  
  18  1:12  Spawning Pool  
  17  1:21  Drone x2  
  17  1:22  Extractor  
  18  1:38  Overlord  
  18  1:39  Drone  
  19  1:51  Drone  
  20  2:00  Queen  
  22  2:07  Queen  
  24  2:08  Zergling x2  
  24  2:09  Drone  
  24  2:12  Drone  
  27  2:22  Overlord  
  27  2:29  Metabolic Boost  
  27  2:31  Drone x2  
  27  2:35  Queen  
  31  2:45  Queen  
  31  2:47  Drone x2  
  35  2:53  Drone x2  
  38  2:58  Zergling x2  
  38  3:03  Roach Warren  
  37  3:08  Overlord  
  37  3:18  Drone x4  
  41  3:30  Drone x5  
  46  3:38  Overlord  
  46  3:48  Roach x2  
  50  3:49  Drone x2  
  50  3:50  Evolution Chamber x2  
  50  3:52  Extractor  
  50  3:53  Extractor  
  48  4:09  Hatchery, Drone x2  
  49  4:13  Drone x2  
  51  4:23  Roach x4  
  58  4:33  Roach  
  58  4:34  Overlord  
  60  4:40  Overlord  
  60  4:46  Overlord  
  60  4:53  Roach x2  
  60  4:57  Roach x2  
  68  5:04  Roach x2  
  68  5:05  Roach x2  
  76  5:07  Overlord  
Show
View Real Time Build Order
Export as new Build Order

LilDicky Terran 

Build Orders: Command Center First (CC) 

Get SALT Encoding   

  12  0:01  SCV  
  13  0:13  SCV  
  14  0:18  Supply Depot  
  14  0:25  SCV  
  15  0:39  SCV  
  16  0:52  SCV  
  17  1:01  Command Center  
  17  1:04  SCV  
  18  1:17  Barracks  
  18  1:27  SCV  
  19  1:40  SCV  
  20  1:52  SCV  
  21  1:57  Barracks  
  21  1:59  Barracks  
  21  2:02  Barracks  
  21  2:11  Supply Depot  
  21  2:12  Marine  
  22  2:21  Orbital Command  
  22  2:25  Orbital Command  
  22  2:30  Marine  
  23  2:47  Marine x2  
  23  2:48  Marine  
  26  2:54  Marine  
  26  2:58  Barracks  
  27  3:00  Barracks  
  27  3:06  SCV x2  
  29  3:16  Marine  
  29  3:17  Marine x2  
  29  3:18  SCV x2  
  34  3:20  Marine  
  35  3:30  SCV  
  35  3:31  Supply Depot  
  35  3:32  SCV  
  37  3:34  Marine x2  
  37  3:36  Marine  
  40  3:41  Marine  
  40  3:42  SCV  
  40  3:44  SCV  
  40  3:46  Supply Depot, Marine  
  44  3:50  Marine  
  44  3:52  Marine  
  44  3:53  Marine  
  44  3:54  Marine  
  48  3:58  SCV  
  48  3:59  Marine  
  50  4:04  SCV, Marine  
  50  4:08  Marine  
  53  4:10  Marine x2  
  53  4:12  Marine  
  56  4:17  Marine  
  56  4:22  Marine  
  58  4:24  Barracks  
  58  4:25  SCV x2  
  58  4:26  Barracks, Marine  
  58  4:28  Marine  
  62  4:37  Supply Depot  
  62  4:39  Supply Depot  
  62  4:51  Barracks  
  62  4:56  SCV  
  62  4:59  SCV, Marine x5  
  68  5:11  SCV  
Tags
 
Add a new tag
Caveats
  • Supply blocks, unpowered buildings, or Contaminate may cause inaccurate times.
  • Supply counts are checked every 10 seconds.